[Event "Titled Tuesday Blitz April 4 Late 2023"]
[White "Golubev, Mikhail"]
[Black "Romanchuk, Viktor"]
[WhiteFideId "14100983"]
[BlackFideId "14109271"]
[WhiteElo "2374"]
[BlackElo "2242"]
[Result "0-1"]
[Round "05"]
[TimeControl "180+2"]
[Date "2023.04.04"]
[WhiteClock "0:00:46"]
[BlackClock "0:00:48"]

1. e4 c6 2. d4 d5 3. e5 c5 4. dxc5 e6 5. Nf3 Bxc5 6. a3 Nc6 7. b4 Bb6 8. Bb2 Nge7 9. Bd3 Ng6 10. O-O Nf4 11. c4 O-O 12. c5 Bc7 13. Bc2 d4 14. Nxd4 Nxd4 0-1


[Site "https://www.chess.com"]

[Event "Titled Tuesday Blitz April 4 Late 2023"]
[White "WindWhistler11"]
[Black "Di Berardino, Diego Rafael"]
[BlackFideId "2105446"]
[WhiteElo "2454"]
[BlackElo "2432"]
[Result "0-1"]
[Round "05"]
[TimeControl "180+2"]
[Date "2023.04.04"]
[WhiteClock "0:00:01"]
[BlackClock "0:00:07"]

1. Nf3 d5 2. c4 e6 3. g3 Nf6 4. Bg2 Be7 5. O-O O-O 6. Qc2 d4 7. d3 c5 8. e3 Nc6 9. exd4 cxd4 10. Re1 Re8 11. a3 a5 12. Nbd2 Nd7 13. Rb1 a4 14. h4 e5 15. Ne4 h6 16. b4 axb3 17. Qxb3 Bf8 18. Ra1 f5 19. Ned2 Nc5 20. Qc2 e4 21. dxe4 fxe4 22. Nh2 d3 23. Qd1 Bf5 24. Ndf1 Nd4 25. Ne3 Bh7 26. Rb1 Kh8 27. Bb2 Ne2+ 28. Kh1 Na4 29. Qd2 Nxb2 30. Qxb2 Ra7 31. Nhg4 Re6 32. Nd5 Bxa3 33. Qa1 Bc5 34. Qb2 h5 35. Nge3 Qf8 36. Rxe2 dxe2 37. Qxe2 Qf7 38. Rb5 Ra1+ 39. Kh2 Bxe3 40. Nxe3 Re8 41. Rxh5 Kg8 42. Rg5 Kh8 43. Bh3 Ra6 44. Bf5 Rf6 45. Qg4 g6 46. Bd7 Rxf2+ 47. Kh3 Rf8 48. Be6 Qe8 49. h5 gxh5 50. Rxh5 Qe7 0-1


[Site "https://www.chess.com"]

[Event "Titled Tuesday Blitz April 4 Late 2023"]
[White "Kavutskiy, Konstantin"]
[Black "Martin Barcelo, Carles"]
[WhiteFideId "2026384"]
[BlackFideId "24561444"]
[WhiteElo "2323"]
[BlackElo "2089"]
[Result "1-0"]
[Round "05"]
[TimeControl "180+2"]
[Date "2023.04.04"]
[WhiteClock "0:00:08"]
[BlackClock "0:00:04"]

1. d4 Nf6 2. Bg5 e6 3. Nd2 d5 4. e3 c5 5. c3 Nbd7 6. Bd3 b6 7. f4 Bb7 8. Ngf3 Be7 9. O-O O-O 10. Ne5 Ne4 11. Bxe7 Qxe7 12. Bxe4 dxe4 13. Ndc4 Ba6 14. Qa4 Nxe5 15. fxe5 Bxc4 16. Qxc4 Qg5 17. Rf4 cxd4 18. cxd4 Rac8 19. Qe2 Qg6 20. Raf1 f5 21. exf6 Rxf6 22. Rxf6 gxf6 23. h3 f5 24. Kh2 Qg5 25. Rf4 Kh8 26. Qf2 Rg8 27. d5 exd5 28. Rxf5 Qd8 29. Qf4 Qb8 30. Qxb8 Rxb8 31. Rxd5 Rc8 32. Rd2 Rf8 33. Kg3 Rf7 34. Rd4 Rc7 35. Rxe4 Rc2 36. Rb4 Kg7 37. Kf3 Kf6 38. a3 Ke5 39. h4 Rc1 40. Rb5+ Kf6 41. g4 Rh1 42. h5 Ke6 43. Ke4 Rc1 44. b3 Rg1 45. Kf4 h6 46. Re5+ Kf6 47. Re8 Rf1+ 48. Ke4 Rb1 49. Rg8 Rxb3 50. Rg6+ Kf7 51. Rxh6 Rxa3 52. Kf4 Ra1 53. g5 Rf1+ 54. Ke5 Rg1 55. g6+ Kg8 56. Rh7 a5 57. Rb7 a4 58. Kf6 Rf1+ 59. Kg5 Rg1+ 60. Kh6 Rf1 61. Rb8+ Rf8 62. Rxf8+ Kxf8 63. Kh7 a3 64. g7+ Ke7 65. g8=Q 1-0


[Site "https://www.chess.com"]

[Event "Titled Tuesday Blitz April 4 Late 2023"]
[White "Romkachess"]
[Black "Fiorito, Francisco"]
[BlackFideId "180165"]
[WhiteElo "2445"]
[BlackElo "2341"]
[Result "1-0"]
[Round "05"]
[TimeControl "180+2"]
[Date "2023.04.04"]
[WhiteClock "0:00:18"]
[BlackClock "0:00:06"]

1. e4 e5 2. d4 exd4 3. Qxd4 Nc6 4. Qe3 g6 5. Nc3 Bg7 6. Bd2 Nge7 7. h4 h5 8. O-O-O d6 9. Kb1 Be6 10. Nh3 Qd7 11. Ng5 O-O-O 12. Nxe6 fxe6 13. Bb5 Rdf8 14. f3 Kb8 15. Be1 Nc8 16. Ba4 Nb6 17. Bb3 Be5 18. Ne2 Qg7 19. Bc3 Qf6 20. Rhf1 Re8 21. g3 Rhf8 22. f4 Bxc3 23. Qxc3 Qe7 24. Nd4 Nxd4 25. Qxd4 a6 26. c3 Nd7 27. Qd2 Nc5 28. Bc2 Rd8 29. Qe3 Nd7 30. Bb3 Nf6 31. Bc2 e5 32. f5 gxf5 33. Rxf5 Rg8 34. Rdf1 Rg6 35. Qf3 Rf8 36. a4 Qg7 37. Rxh5 Rxg3 38. Qf5 Nxh5 39. Qxf8+ Qxf8 40. Rxf8+ Ka7 41. Rh8 Nf4 42. h5 Rh3 43. h6 Ng6 44. Rh7 Kb6 45. Bb3 Rh4 46. a5+ Kxa5 47. Rxc7 Rxh6 48. Rxb7 Nf4 49. Bc2 Rh1+ 50. Ka2 Nd3 51. b4+ Nxb4+ 52. cxb4# 1-0


[Site "https://www.chess.com"]

[Event "Titled Tuesday Blitz April 4 Late 2023"]
[White "Ambartsumova, Karina"]
[Black "reevecanada"]
[WhiteFideId "4166299"]
[WhiteElo "2240"]
[BlackElo "2444"]
[Result "1-0"]
[Round "05"]
[TimeControl "180+2"]
[Date "2023.04.04"]
[WhiteClock "0:00:15"]
[BlackClock "0:00:01"]

1. e4 c5 2. Nf3 d6 3. Bb5+ Bd7 4. Bxd7+ Qxd7 5. c3 Nf6 6. Qe2 e6 7. d4 cxd4 8. cxd4 d5 9. e5 Ne4 10. O-O Be7 11. Ne1 Nc6 12. Be3 f6 13. f3 Ng5 14. h4 Nf7 15. f4 f5 16. Nf3 Nh6 17. Nc3 Ng4 18. Rac1 O-O 19. g3 a6 20. Kg2 Rac8 21. Bg1 b5 22. Nb1 Na5 23. Nbd2 g6 24. Nb3 Nxb3 25. axb3 Rxc1 26. Rxc1 Rc8 27. Qd2 Kg7 28. Rc2 h6 29. Qc1 Rxc2+ 30. Qxc2 Kf7 31. Ne1 g5 32. hxg5 hxg5 33. Nd3 Ke8 34. b4 Kd8 35. Nc5 Qc8 36. Qd2 gxf4 37. Qxf4 Bxc5 38. bxc5 Kd7 39. Qg5 Qf8 40. Qg6 a5 41. c6+ Kxc6 42. Qxe6+ Kc7 43. Qxd5 Qb4 44. Qf7+ Kb8 45. Qxf5 Qxb2+ 46. Kh3 Qc1 47. Kxg4 Qxg1 48. Qf4 Qd1+ 49. Kg5 Kc8 50. e6 Qe2 51. Qf8+ Kc7 52. Qf7+ Kb6 53. e7 Qe3+ 54. Kg6 Qxg3+ 55. Kh7 Qh4+ 56. Kg7 Qg5+ 57. Qg6+ 1-0


[Site "https://www.chess.com"]

[Event "Titled Tuesday Blitz April 4 Late 2023"]
[White "Rastbod, Ali"]
[Black "Hajiyev, Kanan"]
[WhiteFideId "12567477"]
[BlackFideId "13404148"]
[WhiteElo "2248"]
[BlackElo "2103"]
[Result "1-0"]
[Round "05"]
[TimeControl "180+2"]
[Date "2023.04.04"]
[WhiteClock "0:01:29"]
[BlackClock "0:00:02"]

1. e4 c5 2. Nc3 Nc6 3. g3 d6 4. Bg2 g6 5. d3 Bg7 6. Be3 e6 7. Qd2 Nd4 8. Nd1 h6 9. c3 Nc6 10. Ne2 Nf6 11. h3 Qc7 12. O-O b6 13. d4 Ba6 14. Re1 g5 15. b4 c4 16. d5 Ne5 17. Nd4 Nd3 18. dxe6 Nxe1 19. exf7+ Kxf7 20. Qxe1 Rhe8 21. Nf5 Bb7 22. Nxg7 Kxg7 23. Bd4 Kg6 24. f3 d5 25. e5 Nd7 26. f4 gxf4 27. gxf4 Kh7 28. Ne3 Qc6 29. Qh4 Qg6 30. Kh2 Rg8 31. Rf1 Qd3 32. e6 Nf8 33. Qe7+ Kg6 34. Qf7# 1-0


[Site "https://www.chess.com"]

[Event "Titled Tuesday Blitz April 4 Late 2023"]
[White "TimGrutter03"]
[Black "Liu, Casper"]
[BlackFideId "1454153"]
[WhiteElo "2572"]
[BlackElo "2221"]
[Result "1-0"]
[Round "05"]
[TimeControl "180+2"]
[Date "2023.04.04"]
[WhiteClock "0:00:20"]
[BlackClock "0:00:48"]

1. e4 e5 2. Nf3 Nc6 3. Bc4 Bc5 4. d4 Bxd4 5. Nxd4 exd4 6. c3 dxc3 7. O-O Nge7 8. Nxc3 O-O 9. Bg5 h6 10. Bh4 Ne5 11. Bb3 c6 12. Qd6 N5g6 13. Bxe7 Nxe7 14. f4 Re8 15. f5 Qb6+ 16. Kh1 c5 17. Qd2 Qf6 18. e5 Qxe5 19. Rae1 Qd4 20. Qxd4 cxd4 21. Nd5 Kf8 22. Nc7 Rb8 23. f6 gxf6 24. Rxf6 d5 25. Nxe8 Kxe8 26. Bxd5 Kd8 27. Bxf7 Bg4 28. Rd6+ Kc7 29. Rxd4 Nf5 30. Rxg4 Rf8 31. Bb3 Ne3 32. Rg7+ Kb6 33. Rf7 Re8 34. Rf3 Re4 35. Rfxe3 Rd4 36. h3 a5 37. Re6+ Ka7 38. Rxh6 a4 39. Bxa4 Rxa4 40. Re7 Rxa2 41. Rhh7 Rxb2 42. h4 Kb8 43. h5 Rf2 44. Rxb7+ Ka8 45. Rbg7 Rf8 46. h6 Rb8 47. Ra7# 1-0


[Site "https://www.chess.com"]

[Event "Titled Tuesday Blitz April 4 Late 2023"]
[White "Mirimanian, Hayk"]
[Black "Harriott, Tyrell"]
[WhiteFideId "4700180"]
[BlackFideId "2086484"]
[WhiteElo "2280"]
[BlackElo "2107"]
[Result "0-1"]
[Round "05"]
[TimeControl "180+2"]
[Date "2023.04.04"]
[WhiteClock "0:00:06"]
[BlackClock "0:00:38"]

1. d4 e6 2. Nf3 d5 3. c4 c6 4. Nc3 f5 5. Bg5 Be7 6. Bxe7 Nxe7 7. e3 Ng6 8. g3 O-O 9. h4 Nh8 10. Bd3 Nf7 11. Qc2 Na6 12. a3 Nc7 13. O-O-O dxc4 14. Bxc4 Nd5 15. Kb1 a6 16. Bd3 b5 17. g4 Nh6 18. Ne5 Nxg4 19. Nxg4 Nxc3+ 20. bxc3 fxg4 21. Bxh7+ Kh8 22. Rdg1 e5 23. Be4 Be6 24. h5 Qe7 25. Kb2 a5 26. Bxc6 b4 27. c4 bxa3+ 28. Ka2 Rab8 29. Rb1 exd4 30. exd4 Rb4 31. d5 Bf5 32. Qc3 Bxb1+ 33. Rxb1 Rxf2+ 34. Ka1 Rxb1+ 35. Kxb1 Qe2 36. Qxa3 Qc2+ 37. Ka1 Rf1+ 0-1


[Site "https://www.chess.com"]

[Event "Titled Tuesday Blitz April 4 Late 2023"]
[White "Goncalves, Davi Sulzbacher"]
[Black "Han, Yichen"]
[WhiteFideId "2154510"]
[BlackFideId "1054430"]
[WhiteElo "2182"]
[BlackElo "2342"]
[Result "0-1"]
[Round "05"]
[TimeControl "180+2"]
[Date "2023.04.04"]
[WhiteClock "0:00:21"]
[BlackClock "0:00:26"]

1. d4 e6 2. Nf3 f5 3. c4 Nf6 4. Nc3 c6 5. Bf4 d5 6. e3 Bd6 7. Bd3 O-O 8. O-O Qc7 9. Bxd6 Qxd6 10. Ne5 Nbd7 11. f4 Ne4 12. Bxe4 fxe4 13. c5 Qe7 14. Nxd7 Bxd7 15. Qh5 Rf5 16. Qe2 Raf8 17. b4 Be8 18. a4 Kh8 19. b5 g5 20. fxg5 Qxg5 21. Rxf5 exf5 22. Rf1 f4 23. Qf2 f3 24. Ne2 Rg8 25. Nf4 cxb5 26. Rb1 a6 27. g3 Bc6 28. axb5 Bxb5 29. Qa2 Bc6 30. Qf2 h5 31. Qf1 Qg4 32. Qh3 f2+ 33. Kf1 Bb5+ 34. Rxb5 Qxh3+ 35. Nxh3 axb5 36. Nxf2 b4 37. Ke2 Ra8 0-1


[Site "https://www.chess.com"]

[Event "Titled Tuesday Blitz April 4 Late 2023"]
[White "Can, Melih Kaan"]
[Black "Mortazavi, Ali"]
[WhiteFideId "6317383"]
[BlackFideId "401323"]
[WhiteElo "2010"]
[BlackElo "2339"]
[Result "0-1"]
[Round "05"]
[TimeControl "180+2"]
[Date "2023.04.04"]
[WhiteClock "0:00:03"]
[BlackClock "0:00:26"]

1. e4 c6 2. d4 d5 3. exd5 cxd5 4. Bd3 Nc6 5. c3 Qc7 6. Ne2 Bg4 7. f3 Bd7 8. O-O e5 9. dxe5 Nxe5 10. Bc2 Nf6 11. Bf4 Bd6 12. Nd2 h6 13. Nb3 O-O-O 14. a4 g5 15. Bg3 h5 16. Nbd4 h4 17. Bf2 h3 18. g3 g4 19. f4 Nf3+ 20. Nxf3 gxf3 21. Nd4 Ne4 22. Qxf3 Nd2 23. Qxd5 Nxf1 24. Rxf1 Bc5 25. Be4 Bxa4 26. Qa2 Bxd4 27. Bxd4 Bc6 28. Bf5+ Bd7 29. Bxd7+ Qxd7 30. Qxa7 Qc6 31. Rf2 Rhe8 32. Rd2 Rd5 33. Qa8+ Kd7 34. Qa5 Rxa5 0-1


[Site "https://www.chess.com"]

[Event "Titled Tuesday Blitz April 4 Late 2023"]
[White "Gerbelli Neto, Eduardo"]
[Black "Jimenez Almeida, Luis David"]
[WhiteFideId "2103281"]
[BlackFideId "22242244"]
[WhiteElo "2178"]
[BlackElo "2245"]
[Result "1-0"]
[Round "05"]
[TimeControl "180+2"]
[Date "2023.04.04"]
[WhiteClock "0:02:16"]
[BlackClock "0:02:04"]

1. e4 c6 2. d4 Na6 3. c4 e5 4. d5 Nf6 5. Nc3 Bb4 6. Bd3 Nc5 7. f3 Qb6 8. Ne2 O-O 9. Be3 d6 10. O-O Nxd3 11. Bxb6 Nxb2 12. Qb3 axb6 13. Qxb4 1-0


[Site "https://www.chess.com"]

[Event "Titled Tuesday Blitz April 4 Late 2023"]
[White "micke12a"]
[Black "Omelja, Artem"]
[BlackFideId "14119846"]
[WhiteElo "2349"]
[BlackElo "2404"]
[Result "0-1"]
[Round "05"]
[TimeControl "180+2"]
[Date "2023.04.04"]
[WhiteClock "0:00:55"]
[BlackClock "0:00:49"]

1. e4 Nc6 2. Nf3 e5 3. Bb5 a6 4. Ba4 Nf6 5. O-O Be7 6. Bxc6 dxc6 7. d3 Nd7 8. Nbd2 O-O 9. Nc4 f6 10. Nh4 Nc5 11. Nf5 Ne6 12. b3 Bc5 13. Be3 b5 14. Bxc5 Nxc5 15. Nce3 g6 16. Ng3 Ne6 17. Ne2 Nf4 18. g3 Nxe2+ 19. Qxe2 Be6 20. f4 exf4 21. gxf4 f5 22. exf5 Bxf5 23. Qf3 Qd4 24. Kh1 Rae8 25. Rae1 Bd7 26. Ng4 Rxe1 27. Rxe1 Rxf4 28. c3 Rxf3 29. cxd4 Bxg4 0-1


[Site "https://www.chess.com"]

[Event "Titled Tuesday Blitz April 4 Late 2023"]
[White "Fiorito, Joaquin"]
[Black "Lopez Del Alamo, Antonio"]
[WhiteFideId "180173"]
[BlackFideId "2227339"]
[WhiteElo "2157"]
[BlackElo "2175"]
[Result "1-0"]
[Round "05"]
[TimeControl "180+2"]
[Date "2023.04.04"]
[WhiteClock "0:00:15"]
[BlackClock "0:00:06"]

1. d4 Nf6 2. c4 g6 3. Nc3 Bg7 4. e4 d6 5. Nf3 O-O 6. Be2 e5 7. d5 a5 8. Bg5 h6 9. Bh4 Na6 10. Nd2 Qe8 11. f3 Bd7 12. O-O Nh5 13. Rb1 f5 14. Bf2 Nf4 15. b3 h5 16. a3 Qe7 17. Kh1 h4 18. b4 axb4 19. axb4 Qg5 20. Rg1 Nh5 21. Re1 Ng3+ 22. Bxg3 hxg3 23. h3 Bh6 24. Nf1 Qh4 25. Kg1 fxe4 26. Nxe4 Bxh3 27. gxh3 Qxh3 28. Nexg3 Be3+ 29. Nxe3 Qxg3+ 30. Ng2 Rf5 31. Qd2 Rh5 32. Bd1 Rf8 33. Re4 Rf4 34. Rxf4 exf4 35. Qxf4 Qh3 36. Bc2 Nb8 37. Qg4 Qxg4 38. fxg4 Rg5 39. Ne3 Nd7 40. Kg2 Ne5 41. Kg3 Kg7 42. Rf1 Nf7 43. Bd3 Re5 44. Ng2 Ng5 45. Re1 Rxe1 46. Nxe1 Kf6 47. Nf3 Nf7 48. Kf4 g5+ 49. Ke4 Nh6 50. Nh2 Nf7 51. Kd4 Ne5 52. Bf5 Ke7 53. c5 b6 54. cxb6 cxb6 55. Nf1 Kf6 56. Ne3 Nf3+ 57. Ke4 Nd2+ 58. Kd3 Nf3 59. Nc4 Ne5+ 60. Nxe5 Kxe5 61. Ke3 Kxd5 62. Kd3 Ke5 63. Kc3 d5 64. Kd3 b5 65. Kc3 d4+ 66. Kd3 Kd5 67. Be4+ Ke5 68. Bf3 Kf4 69. Bd1 Ke5 70. Bb3 Kf4 71. Kxd4 Kxg4 72. Kc5 Kf3 73. Kxb5 Kf2 74. Bd5 g4 75. Kc5 1-0


[Site "https://www.chess.com"]

[Event "Titled Tuesday Blitz April 4 Late 2023"]
[White "Weisz, Bryan"]
[Black "Ortega Amarelle, Mariano"]
[WhiteFideId "30934133"]
[BlackFideId "3504301"]
[WhiteElo "2357"]
[BlackElo "2406"]
[Result "0-1"]
[Round "05"]
[TimeControl "180+2"]
[Date "2023.04.04"]
[WhiteClock "0:00:19"]
[BlackClock "0:01:03"]

1. e4 e6 2. Nc3 d5 3. d4 Bb4 4. Ne2 dxe4 5. a3 Be7 6. Nxe4 Nd7 7. N2g3 Ngf6 8. Bd3 b6 9. Qf3 Rb8 10. Nh5 Nxh5 11. Qxh5 Nf6 12. Nxf6+ Bxf6 13. c3 c5 14. Bb5+ Bd7 15. Bxd7+ Qxd7 16. dxc5 g6 17. Qf3 Be5 18. cxb6 Rxb6 19. O-O O-O 20. b4 Qc7 21. g3 Qxc3 22. Qxc3 Bxc3 23. Be3 Bxa1 24. Bxb6 axb6 25. Rxa1 b5 26. Rc1 Ra8 27. Rc3 Kf8 28. Kg2 Ke7 29. Kf3 Kd6 30. Ke4 f5+ 31. Ke3 e5 32. f3 g5 33. Rd3+ Ke6 34. Rc3 Ra6 35. Rd3 Rc6 36. h3 f4+ 37. gxf4 gxf4+ 38. Ke2 Rc2+ 39. Rd2 Rxd2+ 40. Kxd2 Kd5 41. Kc3 e4 42. fxe4+ Kxe4 43. Kd2 Kd4 44. h4 Kc4 45. Ke2 Kb3 46. Kf3 Kxa3 47. Kxf4 Kxb4 48. Kg5 Kc5 49. Kh6 b4 50. Kxh7 b3 51. Kg7 b2 52. h5 b1=Q 53. h6 Qg1+ 54. Kh8 Qd4+ 55. Kg8 Qg4+ 56. Kh8 Qc8+ 57. Kg7 Qd7+ 58. Kg8 Qe8+ 59. Kg7 Qe7+ 60. Kg8 Qg5+ 61. Kh7 Kd6 0-1


[Site "https://www.chess.com"]

[Event "Titled Tuesday Blitz April 4 Late 2023"]
[White "McNeill, Gordon"]
[Black "Bruedigam, Martin"]
[WhiteFideId "30920760"]
[BlackFideId "24608033"]
[WhiteElo "2103"]
[BlackElo "2331"]
[Result "0-1"]
[Round "05"]
[TimeControl "180+2"]
[Date "2023.04.04"]
[WhiteClock "0:00:08"]
[BlackClock "0:00:33"]

1. e4 c6 2. Nf3 d5 3. Nc3 Bg4 4. h3 Bxf3 5. Qxf3 e6 6. d4 Nd7 7. Bd3 dxe4 8. Nxe4 Ngf6 9. O-O Be7 10. b3 O-O 11. Bb2 Nxe4 12. Bxe4 Bf6 13. Rad1 Qa5 14. a4 Rfd8 15. Rfe1 g6 16. c4 Bg7 17. Bc2 Rac8 18. Bc3 Qc7 19. Ba1 a5 20. h4 Nf8 21. h5 Rd7 22. hxg6 hxg6 23. Be4 Rcd8 24. d5 Bxa1 25. Rxa1 cxd5 26. cxd5 exd5 27. Bd3 Re7 28. Rac1 Rxe1+ 29. Rxe1 Qd6 30. Qe3 b6 31. Qd4 Qc5 32. Qe5 Rd6 33. Qe7 Re6 34. Rxe6 Nxe6 35. Qd7 Kg7 36. g3 Nd4 37. Kg2 Nxb3 38. Qe8 Qd6 39. Bb5 Nc5 40. Qc8 d4 41. Bc4 Qd7 42. Qa6 Nxa6 0-1


[Site "https://www.chess.com"]

[Event "Titled Tuesday Blitz April 4 Late 2023"]
[White "K2JW"]
[Black "Escanor89"]
[WhiteElo "2339"]
[BlackElo "2531"]
[Result "0-1"]
[Round "05"]
[TimeControl "180+2"]
[Date "2023.04.04"]
[WhiteClock "0:00:03"]
[BlackClock "0:00:03"]

1. d4 Nf6 2. c4 e6 3. Nf3 Bb4+ 4. Bd2 a5 5. a3 Bxd2+ 6. Qxd2 b6 7. Nc3 Bb7 8. e3 O-O 9. Bd3 d6 10. e4 Nbd7 11. O-O e5 12. d5 Nc5 13. Bc2 a4 14. Qd1 Bc8 15. Nd2 Bd7 16. b4 axb3 17. Nxb3 Nxb3 18. Bxb3 Ra5 19. a4 Qa8 20. Bc2 Rc5 21. Bd3 Qa5 22. Qb3 Ra8 23. Ra3 Qa7 24. Rfa1 Ra5 25. Bc2 Qb8 26. Nb1 Be8 27. Nd2 Nd7 28. Qb4 Nc5 29. Nb1 Bd7 30. Nc3 Qe8 31. Nb5 Bxb5 32. axb5 Rxa3 33. Rxa3 Rxa3 34. Qxa3 g6 35. f3 Qe7 36. Kf2 Kg7 37. h3 Qh4+ 38. Kf1 Qf4 39. Ke2 h5 40. Qe3 Qh2 41. Qf2 Qf4 42. Qe3 Qf6 43. Kf2 Qh4+ 44. Ke2 Qd8 45. Qa3 Qg5 46. Qe3 Qxg2+ 47. Qf2 Qxh3 48. Bd1 Qh1 49. Kd2 h4 50. Be2 Nb3+ 51. Ke3 Nd4 52. Bf1 h3 53. f4 h2 54. Bg2 Qg1 55. fxe5 Nc2+ 56. Kf3 Nd4+ 57. Kg3 dxe5 0-1


[Site "https://www.chess.com"]

[Event "Titled Tuesday Blitz April 4 Late 2023"]
[White "Francisco Guecamburu, Candela Be"]
[Black "Kirillov, Dmitry"]
[WhiteFideId "160911"]
[BlackFideId "34180572"]
[WhiteElo "2326"]
[BlackElo "2111"]
[Result "1-0"]
[Round "05"]
[TimeControl "180+2"]
[Date "2023.04.04"]
[WhiteClock "0:00:21"]
[BlackClock "0:00:01"]

1. e4 Nf6 2. e5 Nd5 3. d4 d6 4. Nf3 g6 5. Bc4 c6 6. O-O Bg7 7. Re1 O-O 8. h3 a5 9. a4 h6 10. Bxd5 cxd5 11. Bf4 dxe5 12. Bxe5 Nc6 13. Bxg7 Kxg7 14. Qd2 Bf5 15. Nc3 Qd7 16. Nh4 Rad8 17. Re2 g5 18. Nxf5+ Qxf5 19. Rae1 e6 20. Nd1 Nb4 21. Ne3 Qg6 22. Ng4 Rc8 23. Ne5 Qxc2 24. Qe3 Qf5 25. g4 Qf4 26. Qxf4 gxf4 27. Nf3 Rc4 28. Rd2 Rfc8 29. Ne5 Rc2 30. Ree2 Rxd2 31. Rxd2 Rc2 32. Rxc2 Nxc2 33. Nf3 f6 34. Kf1 Kf7 35. Ke2 Ke7 36. Kd2 Nb4 37. Nh4 Kf7 38. Ng2 e5 39. Nh4 Nc6 40. Nf5 Kg6 41. h4 h5 42. f3 e4 43. Ke2 b6 44. Kf2 e3+ 45. Ke2 Nb4 46. Ne7+ Kh6 47. Nf5+ Kg6 48. Nd6 1-0


[Site "https://www.chess.com"]

[Event "Titled Tuesday Blitz April 4 Late 2023"]
[White "Kim, Sergey"]
[Black "Wang, Alexander J"]
[WhiteFideId "13700570"]
[BlackFideId "30955270"]
[WhiteElo "2527"]
[BlackElo "2306"]
[Result "1/2-1/2"]
[Round "05"]
[TimeControl "180+2"]
[Date "2023.04.04"]
[WhiteClock "0:01:28"]
[BlackClock "0:00:38"]

1. d4 d5 2. c4 e6 3. Nc3 c5 4. e3 Nf6 5. Nf3 Nc6 6. a3 a6 7. Bd3 dxc4 8. Bxc4 b5 9. Ba2 cxd4 10. exd4 Bb7 11. O-O Be7 12. Re1 O-O 13. h3 Na5 14. Ne5 Nd5 15. Ne4 Rc8 16. Nc5 Bxc5 17. dxc5 Nc6 18. Bxd5 Qxd5 19. Qxd5 exd5 20. Nxc6 Rxc6 21. b4 Re6 22. Rd1 Bc6 23. Be3 f6 24. g4 Rfe8 25. Rd4 Re4 26. Rad1 Kf7 27. Kh2 R8e5 28. Kg3 g5 29. R4d3 h5 30. Bd4 Re8 31. Re3 h4+ 32. Kg2 Rxe3 33. fxe3 Ke6 34. Rf1 Rf8 35. Rf5 Rf7 36. Kf2 Ke7 37. Ke2 Ke6 38. Kd2 Ke7 39. Kc3 Ke6 40. Kd3 Ke7 41. Bc3 Ke6 42. Kd4 Rf8 43. Kd3 Rf7 44. Bd2 Ke7 45. Rf2 Ke6 46. Rf5 Ke7 47. Bc3 Ke6 1/2-1/2


[Site "https://www.chess.com"]

[Event "Titled Tuesday Blitz April 4 Late 2023"]
[White "Kokoszczynski, Jan"]
[Black "Antonova, Nadezhda"]
[WhiteFideId "1174460"]
[BlackFideId "14700182"]
[WhiteElo "2139"]
[BlackElo "1765"]
[Result "0-1"]
[Round "05"]
[TimeControl "180+2"]
[Date "2023.04.04"]
[WhiteClock "0:00:03"]
[BlackClock "0:00:04"]

1. c4 Nf6 2. Nc3 g6 3. g3 Bg7 4. Bg2 O-O 5. e4 d6 6. Nge2 c5 7. O-O Nc6 8. d3 h6 9. h3 a6 10. Be3 Rb8 11. a4 b6 12. Qd2 Kh7 13. f4 Bb7 14. f5 g5 15. Kh2 Ne5 16. b3 e6 17. Rad1 d5 18. exd5 exd5 19. cxd5 Nxd5 20. Nxd5 Bxd5 21. Nc3 Bxb3 22. f6 Bxf6 23. Rde1 Bg7 24. d4 cxd4 25. Bxd4 Qxd4 26. Qxd4 Nf3+ 27. Rxf3 Bxd4 28. Ne2 Bd5 29. Nxd4 Bxf3 30. Bxf3 b5 31. h4 gxh4 32. gxh4 bxa4 33. Be4+ Kg7 34. Nf5+ Kf6 35. Rf1 Ke5 36. Re1 Kf6 37. Rf1 Rb2+ 38. Kh3 Ke5 39. Re1 Kf4 40. Nxh6 Rb3+ 41. Kh2 Re3 42. Rxe3 Kxe3 43. Bd5 f5 44. Nf7 f4 45. h5 f3 46. Ne5 f2 47. Ng4+ Ke2 48. Bc4+ Ke1 49. Ne3 Rh8 50. Kg3 Rxh5 51. Ng2+ Kd2 52. Kxf2 Rh2 53. Kg3 Rh5 54. Nf4 Rc5 55. Be6 a3 56. Kf3 Ra5 57. Ba2 Kc3 58. Ke2 Kb2 59. Bd5 a2 60. Kd2 a1=Q 61. Nd3+ Ka3 62. Kc2 Qf6 63. Bb3 Qc6+ 64. Kb1 Qh1+ 65. Kc2 Qg2+ 66. Kb1 Qe4 67. Bc2 Rb5+ 68. Ka1 Qd4+ 69. Nb2 Qxb2# 0-1


[Site "https://www.chess.com"]

[Event "Titled Tuesday Blitz April 4 Late 2023"]
[White "Andreassen, Lars"]
[Black "Zeynalli, Rashad"]
[WhiteFideId "1504878"]
[BlackFideId "13403320"]
[WhiteElo "2119"]
[BlackElo "2125"]
[Result "0-1"]
[Round "05"]
[TimeControl "180+2"]
[Date "2023.04.04"]
[WhiteClock "0:00:05"]
[BlackClock "0:00:12"]

1. d4 f5 2. Nf3 Nf6 3. g3 g6 4. Bg2 Bg7 5. O-O O-O 6. c4 d6 7. Nc3 Qe8 8. d5 a5 9. Rb1 Na6 10. a3 Nc5 11. b4 axb4 12. axb4 Nce4 13. Nxe4 Nxe4 14. Bb2 Nc3 15. Bxc3 Bxc3 16. Qd3 Bg7 17. e3 e5 18. dxe6 Qxe6 19. Nd4 Qe7 20. Rfc1 c6 21. c5 d5 22. b5 Bd7 23. bxc6 bxc6 24. Rb7 Qe8 25. Rcb1 Ra4 26. Rc7 Be5 27. Rcb7 Rc4 28. f4 Bf6 29. Ra7 Rxc5 30. Rbb7 Be6 31. h4 Bf7 32. Kh2 Rc4 33. h5 Qc8 34. hxg6 hxg6 35. Nf3 Rc3 36. Qd2 Qe6 37. Ne5 Bxe5 38. fxe5 Qxe5 39. Qa2 Rxe3 0-1


[Site "https://www.chess.com"]

[Event "Titled Tuesday Blitz April 4 Late 2023"]
[White "Djordjevic, Dejan N"]
[Black "Vovk, Orest"]
[WhiteFideId "913316"]
[BlackFideId "14113490"]
[WhiteElo "2261"]
[BlackElo "2215"]
[Result "1-0"]
[Round "05"]
[TimeControl "180+2"]
[Date "2023.04.04"]
[WhiteClock "0:01:03"]
[BlackClock "0:00:16"]

1. e4 g5 2. d4 g4 3. c4 Bg7 4. Nc3 c5 5. Be3 h5 6. h3 Nc6 7. d5 Nd4 8. hxg4 hxg4 9. Rxh8 Bxh8 10. Bxd4 Bxd4 11. Qxg4 Nf6 12. Qh4 Bxc3+ 13. bxc3 d6 14. Qh8+ Kd7 15. Qxd8+ Kxd8 16. Bd3 b6 17. f4 Bg4 18. Kf2 Kc7 19. a4 a5 20. e5 dxe5 21. fxe5 Nd7 22. Re1 f6 23. exf6 exf6 24. Nf3 Bxf3 25. gxf3 Ne5 26. Be2 Rh8 27. Rg1 Rh2+ 28. Rg2 Rxg2+ 29. Kxg2 Kd6 30. f4 Ng6 31. Kg3 Ne7 32. Bg4 Nxd5 33. cxd5 Kxd5 34. Be2 Ke4 35. Kg4 Kd5 36. Kf5 c4 37. Kxf6 b5 38. axb5 a4 39. b6 a3 40. b7 a2 41. b8=Q a1=Q 42. Qe5+ Kc6 43. Bxc4 Qb2 44. Qb5+ 1-0


[Site "https://www.chess.com"]

[Event "Titled Tuesday Blitz April 4 Late 2023"]
[White "Krasteva, Beloslava"]
[Black "Mei, Austin"]
[WhiteFideId "2922029"]
[BlackFideId "30948479"]
[WhiteElo "2187"]
[BlackElo "2125"]
[Result "1-0"]
[Round "05"]
[TimeControl "180+2"]
[Date "2023.04.04"]
[WhiteClock "0:00:09"]
[BlackClock "0:01:16"]

1. d4 Nf6 2. Bg5 c5 3. Bxf6 gxf6 4. d5 Qb6 5. Nd2 Qxb2 6. e4 f5 7. Rb1 Qc3 8. Ne2 Qa5 9. exf5 d6 10. Ng3 Bg7 11. Bb5+ Nd7 12. O-O a6 13. Nc4 Qc7 14. Bxd7+ Bxd7 15. Nb6 Rb8 16. Nxd7 Qxd7 17. Qg4 Bd4 18. Rfe1 Kd8 19. Qh5 Rf8 20. Ne4 Kc7 21. Qxh7 Be5 22. g3 e6 23. fxe6 fxe6 24. Qxd7+ Kxd7 25. dxe6+ Kxe6 26. Nxc5+ dxc5 27. f4 Rf5 28. Rb6+ Kd5 29. fxe5 c4 30. e6 Kc5 31. Rbb1 Re8 32. Rxb7 Kd4 33. Rd7+ Kc3 34. e7 Rf7 35. Re2 Kb2 36. a4 Ka3 37. a5 Kb4 38. Re5 Kc3 39. Re2 Kb4 40. Rb7+ Kxa5 41. c3 Ka4 42. Ra2# 1-0


[Site "https://www.chess.com"]

[Event "Titled Tuesday Blitz April 4 Late 2023"]
[White "Goffredo_Fofi"]
[Black "Manu_ChessExcelsior"]
[WhiteElo "2510"]
[BlackElo "2155"]
[Result "1-0"]
[Round "05"]
[TimeControl "180+2"]
[Date "2023.04.04"]
[WhiteClock "0:01:16"]
[BlackClock "0:00:01"]

1. d4 d5 2. Nf3 Nf6 3. Bf4 c5 4. e3 Nc6 5. Nbd2 Bf5 6. c3 e6 7. Qb3 Qb6 8. Qxb6 axb6 9. Bb5 Nd7 10. Nh4 Bg6 11. h3 f6 12. Nxg6 hxg6 13. O-O g5 14. Bg3 c4 15. e4 Kf7 16. exd5 exd5 17. b3 cxb3 18. axb3 Be7 19. c4 Rxa1 20. Rxa1 Rd8 21. Nf3 Nb4 22. Ra7 g4 23. hxg4 Kg6 24. Rxb7 1-0


[Site "https://www.chess.com"]